 Dungeon Crawl Stone Soup version 0.17-a0-2070-g2a5e0a8 (webtiles) character file.

72 Kromin the Cudgeler (level 4, -7/35 HPs)
             Began as a Demonspawn Chaos Knight on Oct 14, 2015.
             Mangled by a gnoll
             ... wielding a +0 halberd
              (11 damage)
             ... on level 2 of the Dungeon.
             The game lasted 00:02:36 (1253 turns).

Kromin the Cudgeler (Demonspawn Chaos Knight)       Turns: 1253, Time: 00:02:36

Health: -7/35      AC: 12    Str: 12    XL:     4   Next: 6%
Magic:  4/4        EV: 12    Int: 13    God:    Xom [..*...]
Gold:   43         SH:  0    Dex: 14    Spells: 0 memorised, 3 levels left

rFire  . . .     SeeInvis +     a - +0 mace (chaos)
rCold  . . .     Clarity  .     b - +2 leather armour
rNeg   . . .     SustAt   .     (no shield)
rPois  .         Gourm    .     (no helmet)
rElec  .         Spirit   .     (no cloak)
rCorr  .         Warding  .     (no gloves)
rMut   .         Stasis   .     (no boots)
MR     .....                    (no amulet)
Stlth  +.........               g - +4 ring of protection
                                d - ring of see invisible

@: not resistant to hostile enchantments, very unstealthy
A: yellow scales 2
a: Renounce Religion


You were on level 2 of the Dungeon.
You worshipped Xom.
You were a toy of Xom.
You were not hungry.

You visited 1 branch of the dungeon, and saw 2 of its levels.

You collected 43 gold pieces.

Inventory:

Hand Weapons
 a - a +0 mace of chaos (weapon)
Armour
 b - a +2 leather armour (worn)
Jewellery
 d - a ring of see invisible (left hand)
 g - a +4 ring of protection (right hand)
Scrolls
 f - 3 scrolls of identify {unknown}
 h - a scroll of fog {unknown}
 j - a scroll of remove curse {unknown}
Potions
 e - a potion of might
 k - a potion of curing {unknown}
Comestibles
 c - 2 bread rations
 i - 2 chunks of flesh
 l - a slice of pizza


   Skills:
 + Level 3.3 Fighting
 + Level 3.5 Maces & Flails
 + Level 2.2 Armour
 + Level 1.7 Dodging
 + Level 0.2 Stealth


You had 3 spell levels left.
You didn't know any spells.

Dungeon Overview and Level Annotations

Branches:
Dungeon (2/15)

Altars:

Annotations:
D:2 Jessica


Innate Abilities, Weirdness & Mutations

You are mostly covered in yellow scales (AC +3).


Message History

The adder is moderately wounded.
The adder bites you but does no damage. The gnoll closely misses you.
The adder barely misses you.
You miss the adder.
The adder is moderately wounded.
The adder misses you. The gnoll barely misses you. The adder barely misses you.
You miss the adder.
The adder is moderately wounded.
The gnoll barely misses you. The adder closely misses you.
You hit the adder. You freeze the adder.
The adder seems to slow down.
The adder is severely wounded.
The adder bites you but does no damage.
The gnoll hits you from afar with a halberd.
* * * LOW HITPOINT WARNING * * *
You hit the adder.
The adder is almost dead.
The adder is no longer moving slowly.
The adder bites you but does no damage.
The gnoll hits you from afar with a halberd!
You die...
Xom howls with laughter!

#......#..# ..##
.!......##.....
##.###.(...#
.#####......####
.............####.#
##..............#
#..).....g......
.......###†g#######
.. .<.. .......
##gS@.## #..#.... ..
......# #..##..##
#.......... ##..##
#...###..###.#... #..
....
.......##.#...... #.#
(.. #.#####......#..#
##.. .. #..
#....###.# #... ..
#...#.......# ####...
...#........###......
## #...##...)).......


You could see 2 gnolls and an adder.

Vanquished Creatures
  4 adders
  An ooze (D:1)
  3 giant geckos
  A ball python (D:1)
  2 giant cockroaches
  5 goblins (D:2)
  A hobgoblin (D:1)
  5 bats
  9 kobolds
  3 rats
34 creatures vanquished.

Notes
Turn   | Place    | Note
--------------------------------------------------------------
     0 | D:1      | Kromin the Demonspawn Chaos Knight began the quest for the Orb.
     0 | D:1      | Reached XP level 1. HP: 18/18 MP: 1/1
   139 | D:1      | XOM: butterfly on damage
   188 | D:1      | Gained mutation: You are partially covered in yellow scales (AC +2). [demonic ancestry]
   188 | D:1      | Reached XP level 2. HP: 21/24 MP: 2/2
   813 | D:1      | XOM: silly message
   902 | D:2      | Gained mutation: You are mostly covered in yellow scales (AC +3). [demonic ancestry]
   902 | D:2      | Reached XP level 3. HP: 14/29 MP: 3/3
   903 | D:2      | Reached skill level 1 in Dodging
  1142 | D:2      | XOM: noise
  1214 | D:2      | Reached XP level 4. HP: 35/35 MP: 4/4
  1227 | D:2      | XOM: silly message
  1228 | D:2      | Noticed Jessica
  1230 | D:2      | XOM: harmless Ice miscast
  1253 | D:2      | Mangled by a gnoll

Vault maps used:
D:1:      eino_arrival_water_cross
D:2:      minmay_kobold_bridge, nicolae_overflow_hidden_temple, first_bread,
          minmay_distorted, uniq_jessica

Action                   |  1- 3 |  4- 6 || total
-------------------------+-------+-------++-------
Melee: Mace              |    97 |    20 ||   117
 Stab: Sleeping          |     1 |       ||     1
       Paralysed         |     1 |       ||     1
  Eat: Chunk             |     1 |       ||     1
